 Dungeon Crawl Stone Soup version 0.31.0-11-ge490571c62 (webtiles) character file.

Game seed: 10197113088504560351

2910 Killerpretzel the Mimic (level 9, -1/62 HPs)
             Began as an Octopode Shapeshifter on Feb 7, 2024.
             Was an Initiate of Gozag.
             Shot with an arrow by a centaur (6 damage)
             ... on level 9 of the Dungeon.
             The game lasted 00:23:48 (9512 turns).

Killerpretzel the Mimic (Octopode Shapeshifter)     Turns: 9512, Time: 00:23:49

Health: -1/62      AC:  1    Str: 14    XL:     9   Next: 78%
Magic:  9/9        EV: 16    Int: 12    God:    Gozag
Gold:   805        SH:  0    Dex: 15    Spells: 8/8 levels left

rFire   . .          .
                       - Unarmed
rCold   . . .        (no shield)
rNeg    . . .        (helmet currently unavailable)
rPois   .            (no amulet)
rElec   .            a - ring of flight
rCorr   .            (no ring)
SInv    .            (no ring)
Will    .....        (no ring)
Stlth   ++           (no ring)
HPRegen 0.30/turn    (no ring)
MPRegen 0.11/turn    (no ring)
                     (no ring)

%: no passive effects
@: about to teleport, beast-form, flying
A: beast (slay +4), almost no armour, amphibious, 8 rings, camouflage 1,
gelatinous body 1, (nimble swimmer 1), tentacles
a: Begin Untransformation, Renounce Religion, Potion Petition, Call Merchant,
Bribe Branch


You were on level 9 of the Dungeon.
You worshipped Gozag.
Gozag was pleased with you.
You were a hulking beast.
You visited 2 branches of the dungeon, and saw 10 of its levels.

You collected 926 gold pieces.
You paid 121 gold pieces to Gozag.

Inventory:

Jewellery
 a - a ring of flight (left tentacle)
Talismans
 b - a beast talisman (active)
 c - a flux talisman
 r - a serpent talisman
Wands
 l - a wand of polymorph (7)
 o - a wand of flame (17)
 t - a wand of digging (4)
 v - a wand of acid (6)
 x - a wand of iceblast (12)
 z - a wand of mindburst (6)
Scrolls
 d - 2 scrolls of fear
 e - a scroll of enchant armour
 h - a scroll of enchant weapon
 j - a scroll of amnesia
 m - 2 scrolls of immolation
 n - a scroll of vulnerability
 s - 4 scrolls of identify
 w - a scroll of teleportation
 y - a scroll of revelation
Potions
 f - 2 potions of attraction
 i - 2 potions of mutation
 k - 3 potions of enlightenment
 p - a potion of might
 q - a potion of haste
 u - a potion of brilliance


   Skills:
 + Level 5.9 Fighting
 + Level 6.1 Dodging
 + Level 6.6 Unarmed Combat
 * Level 8.3 Shapeshifting


You had 8 spell levels left.
You didn't know any spells.
Your spell library contained the following spells:

 Spells                   Type           Power      Damage    Failure   Level
 Apportation              Tloc           0%         N/A       32%         1
 Necrotise                Necr           0%         1d4       32%         1
 Sting                    Conj/Alch      0%         1d3       32%         1
 Summon Small Mammal      Summ           0%         N/A       32%         1
 Jinxbite                 Hex            0%         N/A       45%         2
 Frozen Ramparts          Ice            0%         1d1       69%         3
 Tukima's Dance           Hex            0%         N/A       69%         3
 Leda's Liquefaction      Alch/Erth      0%         N/A       97%         4
 Passage of Golubria      Tloc           0%         N/A       97%         4
 Petrify                  Alch/Erth      0%         N/A       97%         4
 Alistair's Intoxication  Alch           0%         N/A       100%        5
 Metabolic Englaciation   Hex/Ice        0%         N/A       100%        5
 Yara's Violent Unravell  Hex/Alch       0%         3d3       100%        5


Dungeon Overview and Level Annotations

Branches:
Dungeon (9/15)             Temple (1/1) D:5
   Lair: D:8-11         Orc: D:9-12

Altars:
Ashenzari
Cheibriados
Dithmenos
Elyvilon
Fedhas
Gozag
Hepliaklqana
Kikubaaqudgha
Makhleb
Okawaru
Qazlal
Ru
Sif Muna
Trog
Uskayaw
Vehumet
Wu Jian
Xom
Zin
The Shining One

Shops:
D:3 (=*   D:8 [?[**

Annotations:
D:5 Eustachio
D:6 2 transporters, paavali's ghost, novice DsBe
D:9 2 transporters


Innate Abilities, Weirdness & Mutations

You are a hulking beast.
Your limbs bulge with bestial killing power. (Slay +4)
You cannot wear most types of armour.
You are amphibious.
You can wear up to eight rings at the same time.
Your skin changes colour to match your surroundings (Stealth+).
Your rubbery body absorbs attacks. (AC +1, EV +1)
((You are camouflaged when in or above water. (Stealth+)))
You have tentacles for arms and can constrict up to eight enemies at once.


Message History

2 gnolls come into view.
A gnoll is wielding a +0 club and quivering 2 throwing nets.
You see here a scroll of identify.
A centaur comes into view.
The centaur shouts!
You hear an angry buzzing noise.
A gnoll sergeant comes into view. It is wielding a +2 heavy trident.
A gnoll comes into view. It is wielding a +0 spear.
The centaur wields a +0 shortbow.
The centaur shoots an arrow.
The arrow barely misses you.
The gnoll shouts!
The gnoll sergeant shouts!
You hear a shout!
You hear an angry buzzing noise.
The centaur shoots an arrow.
The arrow closely misses you.
You hear an angry buzzing noise.
The centaur shoots an arrow.
The arrow misses you.
You hear a shout!
The centaur shoots an arrow.
The arrow hits you!
The gnoll throws a throwing net.
The throwing net misses you.
The gnoll throws a throwing net.
The throwing net closely misses you.
You see here 2 throwing nets.
The centaur shoots an arrow.
The arrow hits you!
The centaur shoots an arrow.
The arrow hits you!
The centaur shoots an arrow.
The arrow misses you.
The centaur shoots an arrow.
The arrow misses you.
The centaur shoots an arrow.
The arrow hits you.
The centaur shoots an arrow.
The arrow barely misses you.
The centaur shoots an arrow.
The arrow hits you!
The centaur shoots an arrow.
The arrow hits you.
The centaur shoots an arrow.
The arrow hits you!
* * * LOW HITPOINT WARNING * * *
The centaur shoots an arrow.
The arrow hits you.
* * * LOW HITPOINT WARNING * * *
As you read the scroll of teleportation, it crumbles to dust.
You feel strangely unstable.
The centaur shoots an arrow.
The arrow hits you.
* * * LOW HITPOINT WARNING * * *
You feel better.
The centaur shoots an arrow.
The arrow hits you!
* * * LOW HITPOINT WARNING * * *
Okay, then.
The centaur shoots an arrow.
The arrow hits you.
You die...
Your body crumbles into a pile of gold.

####### #####.....# #######
#.......#.# ######.....########
#.....#.#.# #..h##.....#......#
#.....#.#.####...##.....#......#
#.....#.#.........#.....#......#
#..>...........................##
###.#.#####.#####'#..........g.##
#.....###.###.....c..........##
#...........#......g.....###..#
#...........#............# ##(#
###...........#............# #..


You could see a centaur and a gnoll.

Vanquished Creatures
  A two-headed ogre (D:9)
  A hornet (D:8)
  A wyvern (D:8)
  A steam dragon (D:8)
  2 water moccasins
  An ice beast (D:7)
  An ogre (D:7)
  A phantom (D:5)
  2 bullfrogs (D:8)
  3 scorpions
  8 wights
  2 howler monkeys
  2 bombardier beetles (D:4)
  3 iron imps (D:8)
  3 jellies
  2 hounds
  An orc priest (D:7)
  2 iguanas (D:4)
  Robin (D:2)
  3 gnolls (D:4)
  8 adders
  2 ufetubi (D:6)
  4 dart slugs
  A ribbon worm (D:3)
  7 orcs
  6 endoplasms
  3 giant cockroaches
  15 goblins
  9 hobgoblins
  7 jackals
  6 kobolds
  3 quokkas
  3 ball pythons
  3 bats
  2 frilled lizards
  12 rats
132 creatures vanquished.

Notes
Turn   | Place    | Note
-------+----------+-------------------------------------------
     0 | D:1      | Killerpretzel the Octopode Shapeshifter began the quest for
                  | the Orb.
     0 | D:1      | Reached XP level 1. HP: 13/13 MP: 1/1
    77 | D:1      | Reached XP level 2. HP: 18/18 MP: 2/2
   238 | D:1      | Reached XP level 3. HP: 23/23 MP: 3/3
  1119 | D:2      | Reached XP level 4. HP: 27/29 MP: 4/4
  1303 | D:2      | Noticed Robin
  1312 | D:2      | Killed Robin
  1898 | D:3      | Found Ruungij's Jewellery Shoppe.
  1907 | D:3      | Found a white marble altar of Elyvilon.
  1954 | D:3      | Reached skill level 4 in Shapeshifting
  1992 | D:3      | Reached XP level 5. HP: 27/34 MP: 5/5
  2154 | D:3      | Found Qagetracs's General Store.
  2357 | D:3      | Found Duulust's Weapon Shoppe.
  2582 | D:3      | Noticed a moth of wrath
  2585 | D:3      | Found a bloodstained altar of Trog.
  3075 | D:4      | Reached XP level 6. HP: 28/41 MP: 6/6
  3591 | D:5      | Entered Level 5 of the Dungeon
  3779 | D:5      | Found a staircase to the Ecumenical Temple.
  3783 | D:5      | Reached skill level 5 in Shapeshifting
  3783 | D:5      | Reached XP level 7. HP: 29/46 MP: 7/7
  3789 | Temple   | Entered the Ecumenical Temple
  3851 | Temple   | Became a worshipper of Gozag Ym Sagoz the Greedy
  4061 | D:5      | Found a hide-covered altar of Uskayaw.
  4110 | D:5      | Found a glowing silver altar of Zin.
  4165 | D:5      | Noticed Eustachio
  4950 | D:6      | Found an ancient bone altar of Kikubaaqudgha.
  4986 | D:6      | Noticed paavali's ghost (novice DsBe)
  5013 | D:6      | Found a transporter.
  5020 | D:6      | Found a transporter.
  5022 | D:6      | Noticed a queen bee
  5836 | D:7      | Reached XP level 8. HP: 50/54 MP: 8/8
  5942 | D:7      | Reached skill level 5 in Unarmed Combat
  5942 | D:7      | Reached skill level 6 in Shapeshifting
  7276 | D:8      | Found Byuderav's Magic Scroll Emporium.
  7414 | D:8      | Found Esorikhle's Antique Armour Shop.
  7438 | D:8      | Noticed a hornet
  7558 | D:8      | Found Ratrorom's Armour Emporium.
  7596 | D:8      | Found Kaesiuca's Assorted Antiques.
  7655 | D:8      | Found Torchub's Assorted Antiques.
  7740 | D:8      | Found a burning altar of Makhleb.
  7758 | D:8      | Reached skill level 5 in Dodging
  7954 | D:8      | Paralysed by a hornet for 1 turns
  7957 | D:8      | Killed a hornet
  7958 | D:8      | Reached skill level 5 in Fighting
  7958 | D:8      | Reached skill level 7 in Shapeshifting
  7958 | D:8      | Reached XP level 9. HP: 14/61 MP: 9/9
  9090 | D:9      | Found a transporter.
  9099 | D:9      | Found a transporter.
  9405 | D:9      | Noticed a two-headed ogre
  9418 | D:9      | Killed a two-headed ogre
  9419 | D:9      | Reached skill level 8 in Shapeshifting
  9510 | D:9      | HP: 3/62 [centaur/arrow (4)]
  9512 | D:9      | Shot with an arrow by a centaur

Illustrated notes

Levels and vault maps discovered:
D:1:      lightli_arrival_boilingwater, layout_loops_cross
D:2:      minmay_alternating_diamond, layout_loops_ring,
          nicolae_figureground_pulse, uniq_robin
D:3:      layout_loops_ring, elyvilon_altar_4, tgw_trog, serial_shops, shop,
          nicolae_shop_rolling_square, nicolae_shop_back_alley_shop
D:4:      layout_gridville
D:5:      layout_layer_cave, zin_statuary, amcnicky_altar_gilded, temple_pool_b,
          uniq_eustachio
D:6:      layout_layer_cave, kiku_gazebo_garden_becter, gammafunk_ghost_hive
D:7:      layout_layer_cave, enter_bailey_3
D:8:      layout_basic, demons_altar, serial_shops,
          nicolae_shop_back_alley_shop, nicolae_shop_dealshenge,
          nicolae_shop_peninsula, kennysheep_little_box,
          nicolae_shop_window_shopping
D:9:      layout_basic, mainiacjoe_overflow_six_doors_small,
          serial_nicolae_subway, nicolae_sub_station_metal,
          nicolae_sub_station_stone, nicolae_sub_station_crystal, uniq_erolcha
Temple:   nicolae_temple_two_arcs

Skill      XL: |  1  2  3  4  5  6  7  8  9 |
---------------+----------------------------+-----
Fighting       | 2 3 5 |  5.9
Shapeshifting  | 4 5 7 8 |  8.3
Dodging        | 3 4 5 6 |  6.1
Unarmed Combat | 4 5 6 |  6.6

Action                     |  1- 3 |  4- 6 |  7- 9 || total
---------------------------+-------+-------+-------++-------
  Melee: Unarmed           |    67 |   118 |   134 ||   319
         Constrict         |    18 |    28 |    33 ||    79
         Tentacles         |    14 |    21 |    37 ||    72
         Punch             |       |     6 |     9 ||    15
  Evoke: Wand              |       |       |    10 ||    10
    Use: Potion            |       |     3 |     9 ||    12
         Scroll            |       |    11 |     9 ||    20
   Stab: Sleeping          |     4 |    12 |     9 ||    25
         Distracted        |       |       |     1 ||     1
 Armour: Skin              |    22 |    47 |    80 ||   149
  Dodge: Dodged            |    42 |    66 |    76 ||   184
   Form: Serpent           |       |     1 |       ||     1
         Beast             |       |     1 |       ||     1
         Flux              |       |     1 |       ||     1
